 Dungeon Crawl Stone Soup version 0.29.1-1-gd02db6906a (webtiles) character file.

Game seed: 16782744578601733077

664 xian the Gusty (level 7, 0/46 HPs)
             Began as a Demonspawn Air Elementalist on Sept 30, 2022.
             Was an Initiate of Gozag.
             Slain by a wight
             ... wielding a +4 great sword
              (2 damage)
             ... on level 4 of the Dungeon.
             The game lasted 00:10:40 (5068 turns).

xian the Gusty (Demonspawn Air Elementalist)        Turns: 5068, Time: 00:10:40

Health: 0/46       AC:  8    Str:  8    XL:     7   Next: 31%
Magic:  10/13      EV: 11    Int: 19    God:    Gozag
Gold:   278        SH:  6    Dex: 13    Spells: 8/14 levels left

rFire   + . .      SeeInvis .   d - +2 dagger (elec)
rCold   x . .      Faith    .   (no shield)
rNeg    . . .      Spirit   .   m - +0 leather armour
rPois   .          Reflect  .   (no helmet)
rElec   .          Harm     .   g - +0 cloak {Will+}
rCorr   .          Rampage  .   (no gloves)
Will    +....                   (no boots)
Stlth   ++........              (no amulet)
HPRegen 0.15/turn               k - ring of fire
MPRegen 0.13/turn               r - +4 ring of protection

@: no status effects
A: large bone plates 2, spiny 2
a: Renounce Religion, Potion Petition, Call Merchant, Bribe Branch


You were on level 4 of the Dungeon.
You worshipped Gozag.
Gozag was aware of your devotion.
You visited 2 branches of the dungeon, and saw 5 of its levels.

You collected 367 gold pieces.
You spent 30 gold pieces at shops.
You paid 59 gold pieces to Gozag.

Inventory:

Hand Weapons
 d - a +2 dagger of electrocution (weapon)
Armour
 g - a +0 cloak of willpower (worn)
 m - a +0 leather armour (worn)
 q - a +2 scale mail of fire resistance
Jewellery
 k - a ring of fire (left hand)
 r - a +4 ring of protection (right hand)
 w - a ring of resist corrosion
Wands
 u - a wand of flame (18)
 v - a wand of light (7)
Scrolls
 c - a scroll of poison
 e - a scroll of vulnerability
 f - a scroll of blinking
 j - a scroll of immolation
 o - 2 scrolls of magic mapping
 t - a scroll of silence
 x - 3 scrolls of teleportation {unknown}
Potions
 a - a potion of lignification {unknown}
 b - 3 potions of magic
 h - 5 potions of curing
 i - a potion of might {unknown}
 l - a potion of attraction {unknown}
 n - a potion of heal wounds {unknown}
 p - 5 potions of haste {unknown}
 s - a potion of resistance


   Skills:
 + Level 0.3 Short Blades
 + Level 2.0 Armour
 + Level 2.3 Dodging
 + Level 2.2 Stealth
 + Level 0.5 Shields
 + Level 4.3 Spellcasting
 + Level 3.1 Conjurations
 + Level 5.0 Air Magic


You had 8 spell levels left.
You knew the following spells:

 Your Spells              Type           Power      Damage    Failure   Level
a - Shock                 Conj/Air       76%        1d7       3%          1
b - Static Discharge      Conj/Air       19%        3-6/arc   5%          2
c - Swiftness             Air            23%        N/A       7%          3

Your spell library contained the following spells:

 Spells                   Type           Power      Damage    Failure   Level
 Airstrike                Air            11%        2d(2-18)  24%         4


Dungeon Overview and Level Annotations

Branches:
Dungeon (4/15)             Temple (1/1) D:4

Altars:
Fedhas
Gozag
Kikubaaqudgha
Nemelex Xobeh
Okawaru
Qazlal
Trog
Wu Jian
Xom

Shops:
D:3 ?   D:4 [


Innate Abilities, Weirdness & Mutations

You are mostly covered in large bone plates. (SH +6)
You are mostly covered in sharp spines.


Message History

Unknown command.
Unknown command.
You hit the human zombie.
The human zombie is almost destroyed.
The human zombie misses you.
You hit the human zombie.
You destroy the human zombie!
Your Air Magic skill increases to level 5!
You now have 272 gold pieces (gained 7).
There is an open door here.
There is an ancient bone altar of Kikubaaqudgha here.
There is an open door here.
You open the door.
An adder zombie comes into view.
The adder zombie is struck by your spines.
The adder zombie closely misses you.
There is an open door here.
You hit the adder zombie.
Lightning courses through the adder zombie!!
You destroy the adder zombie!
You now have 278 gold pieces (gained 6).
There is an open door here.
You open the door.
A wight comes into view. It is wielding a +4 great sword.
You closely miss the wight.
The wight hits you with a +4 great sword!
You hit the wight but do no damage.
The wight hits you with a +4 great sword!
You closely miss the wight. The wight is struck by your spines.
The wight closely misses you.
You hit the wight.
The wight is severely damaged.
The wight is struck by your spines.
The wight hits you with a +4 great sword!
* * * LOW HITPOINT WARNING * * *
You closely miss the wight.
The wight is severely damaged.
The wight hits you with a +4 great sword.
You die...
Your body crumbles into a pile of gold.

#############
#.#_#.#.#.#.#.....
#####'#'#'#'#'#)#.....
#..'.@..).......#.....
#.###z#'#'#'#'#)#.....
#.8##.#.#)#.#.#.#.....
#.###############.....
#..##...# #......
##......########......
####.......##.....###
#...............##
#.................


You could see a wight.

Vanquished Creatures
  An ogre (D:4)
  3 wights (D:4)
  2 bullfrog zombies (D:4)
  A hound (D:3)
  A human zombie (D:4)
  Natasha (thrice) (D:3)
  Terence (D:3)
  An iguana (D:4)
  2 mummies (D:4)
  4 adders
  3 adder zombies (D:4)
  6 dart slugs
  11 ball pythons
  6 bats
  7 endoplasms
  4 giant cockroaches
  7 goblins
  7 hobgoblins
  5 jackals
  10 quokkas
  A frilled lizard (D:2)
  7 kobolds
  8 rats
101 creatures vanquished.

Vanquished Creatures (others)
  A plant (D:1)
1 creature vanquished.

Grand Total: 102 creatures vanquished

Notes
Turn   | Place    | Note
-------+----------+-------------------------------------------
     0 | D:1      | xian the Demonspawn Air Elementalist began the quest for
                  | the Orb.
     0 | D:1      | Reached XP level 1. HP: 13/13 MP: 3/3
   122 | D:1      | Reached skill level 3 in Air Magic
   130 | D:1      | Gained mutation: You are partially covered in large bone
                  | plates. (SH +4) [demonic ancestry]
   130 | D:1      | Reached XP level 2. HP: 12/19 MP: 1/5
   133 | D:1      | Learned a level 2 spell: Static Discharge
   527 | D:1      | Found a faded altar of an unknown god.
   809 | D:1      | Gained mutation: You are mostly covered in large bone
                  | plates. (SH +6) [demonic ancestry]
   809 | D:1      | Reached XP level 3. HP: 24/24 MP: 2/6
  1388 | D:2      | Learned a level 3 spell: Swiftness
  1719 | D:2      | Gained mutation: You are partially covered in sharp spines.
                  | [demonic ancestry]
  1719 | D:2      | Reached XP level 4. HP: 18/30 MP: 1/7
  2199 | D:3      | Noticed Terence
  2205 | D:3      | Killed Terence
  2286 | D:3      | Found Xarphuk's Magic Scroll Shop.
  2309 | D:3      | Bought a scroll of identify for 20 gold pieces
  2309 | D:3      | Bought a scroll of noise for 10 gold pieces
  2608 | D:3      | Reached XP level 5. HP: 24/35 MP: 0/9
  2857 | D:3      | Noticed Natasha
  2864 | D:3      | Killed Natasha
  2865 | D:3      | Reached skill level 4 in Air Magic
  3232 | D:3      | Noticed Natasha
  3236 | D:3      | Killed Natasha
  3359 | D:3      | Noticed Natasha
  3364 | D:3      | Killed Natasha
  3671 | D:4      | Noticed an ogre
  3678 | D:4      | Killed an ogre
  3679 | D:4      | Reached skill level 1 in Armour
  3679 | D:4      | Gained mutation: You are mostly covered in sharp spines.
                  | [demonic ancestry]
  3679 | D:4      | Reached XP level 6. HP: 35/41 MP: 1/11
  3783 | D:4      | Found a staircase to the Ecumenical Temple.
  3885 | Temple   | Entered the Ecumenical Temple
  3919 | Temple   | Became a worshipper of Gozag Ym Sagoz the Greedy
  4070 | D:4      | Found Bysyin's Antique Armour Shoppe.
  4834 | D:4      | Reached XP level 7. HP: 37/46 MP: 10/13
  5040 | D:4      | Found an ancient bone altar of Kikubaaqudgha.
  5049 | D:4      | Reached skill level 5 in Air Magic
  5067 | D:4      | HP: 2/46 [wight/+4 great sword (13)]
  5068 | D:4      | Slain by a wight

Illustrated notes

Levels and vault maps discovered:
D:1:      giann_bridges, layout_loops_ring, basic_ecumenical_altar,
          minmay_vboxes
D:2:      layout_basic
D:3:      minmay_door_path, layout_loops_ring, serial_shops,
          nicolae_shop_advertising_works [nicolae_subvault_shop_adworks],
          uniq_terence, uniq_natasha
D:4:      layout_rooms, lemuel_mausoleum_altar_kikubaaqudgha,
          minmay_temple_entry_large_hall, serial_shops, shop, nrook_uturn,
          nicolae_figureground_sparkle
Temple:   mainiacjoe_temple_circle_huts

Skill      XL: |  1  2  3  4  5  6  7 |
---------------+----------------------+-----
Air Magic      | 3 4 5 |  5.0
Dodging        | 2 |  2.3
Conjurations   | 2 3 |  3.1
Spellcasting   | 3 4 |  4.3
Armour         | 1 2 |  2.0
Stealth        | 2 |  2.2
Short Blades   | |  0.3
Shields        | |  0.5

Action                   |  1- 3 |  4- 6 |  7- 9 || total
-------------------------+-------+-------+-------++-------
Melee: Dagger            |    47 |    21 |    15 ||    83
 Cast: Shock             |    63 |   104 |       ||   167
       Static Discharge  |       |    17 |     8 ||    25
  Use: Potion            |     1 |       |       ||     1
       Scroll            |       |     7 |       ||     7
 Stab: Sleeping          |     1 |     3 |     1 ||     5
Armor: Robe              |     5 |       |       ||     5
       Leather armour    |     5 |    13 |     2 ||    20
Dodge: Dodged            |    41 |    17 |     8 ||    66
Block: Other             |    22 |     9 |       ||    31
